ITL
PORTLAND PRIVATEERS @ BLUEVILLE 83'S
09/10/2027
 
TOP OF THE 1ST
Portland Privateers batting - Pitching for Blueville 83's : RHP Gary Grimes
Pitching: RHP Gary Grimes
Batting: RHB Luis Pineda 0-0: Called Strike
0-1: Ball
1-1: Swinging Strike
1-2: Ball
2-2: Strikes out looking
Batting: RHB Carlos Castro 0-0: Ground out 4-3 (Groundball, 4)
Batting: RHB Luther Stoffels 0-0: SOLO HOME RUN (Flyball, 78XD), Distance : 434 ft
Batting: SHB Patrick Larson 0-0: Ball
1-0: Foul Ball, location: 2F
1-1: Called Strike
1-2: Ball
2-2: Ball
3-2: Fly out, F5 (Popup, 56D)
Top of the 1st over - 1 run(s), 1 hit(s), 0 error(s), 0 left on base; Portland 1 - Blueville 0
BOTTOM OF THE 1ST
Blueville 83's batting - Pitching for Portland Privateers : RHP Cade Baird
Pitching: RHP Cade Baird
Batting: SHB Caden Keith 0-0: Ball
1-0: Ball
2-0: Ball
3-0: Called Strike
3-1: Base on Balls
Batting: RHB Barney Lawson 0-0: Ball
1-0: Ball
Wild Pitch!
Caden Keith to second
2-0: Ball
3-0: Called Strike
3-1: SINGLE (Line Drive, 89S)
Caden Keith to third
Batting: RHB Gernot Renner 0-0: Called Strike
0-1: SINGLE (Line Drive, 56D)
Caden Keith scores
Barney Lawson to second
Batting: SHB Jack Fountain 0-0: Called Strike
0-1: Swinging Strike
0-2: Ball
1-2: Ball
2-2: Ball
3-2: Foul Ball, location: 2F
3-2: Base on Balls
Barney Lawson to third
Gernot Renner to second
Batting: RHB Matt Perkins 0-0: Ball
1-0: Swinging Strike
1-1: Ball
2-1: Foul Ball, location: 2F
2-2: GRAND SLAM HOME RUN (Flyball, 8RXD), Distance : 441 ft
Batting: LHB Ricardo Romero 0-0: Ball
1-0: Ball
2-0: Ball
3-0: Called Strike
3-1: Base on Balls
Batting: LHB Vincente Sáenz 0-0: SINGLE (Line Drive, 6M)
Ricardo Romero to second
Runner from 2nd tries for 3rd, SAFE, throw made to third
Batting: LHB Ron Robinson 0-0: Ball
1-0: Called Strike
1-1: Called Strike
1-2: Strikes out swinging
Batting: LHB Dave Pitts 0-0: Foul Ball, location: 2F
0-1: Ball
1-1: Ball
2-1: Foul Ball, location: 2F
2-2: Fly out, F9 (Flyball, 89D)
Runner from 3rd tags up, SCORES, no throw
Batting: SHB Caden Keith 0-0: Ball
1-0: Called Strike
1-1: Foul Ball, location: 2F
1-2: Hit by Pitch
Vincente Sáenz to second
Batting: RHB Barney Lawson 0-0: Ball
1-0: Foul Ball, location: 2F
1-1: SINGLE (Flyball, 6MD)
Vincente Sáenz to third
Caden Keith to second
Batting: RHB Gernot Renner 0-0: Called Strike
0-1: Swinging Strike
0-2: Strikes out swinging
Bottom of the 1st over - 6 run(s), 5 hit(s), 0 error(s), 3 left on base; Portland 1 - Blueville 6
TOP OF THE 2ND
Portland Privateers batting - Pitching for Blueville 83's : RHP Gary Grimes
Batting: RHB Anastasio Villa 0-0: Ball
1-0: Foul Ball, location: 2F
1-1: Ball
2-1: Swinging Strike
2-2: Strikes out swinging
Batting: LHB Jeff Dorney 0-0: Ball
1-0: Foul Ball, location: 2F
1-1: DOUBLE (Line Drive, 9LM)
Batting: LHB Dillon Beck 0-0: Foul Ball, location: 2F
0-1: Swinging Strike
0-2: Strikes out swinging
Batting: LHB Yasuhiko Onodera 0-0: Ball
1-0: Ground out 1-3 (Groundball, 13S)
Top of the 2nd over - 0 run(s), 1 hit(s), 0 error(s), 1 left on base; Portland 1 - Blueville 6
BOTTOM OF THE 2ND
Blueville 83's batting - Pitching for Portland Privateers : RHP Cade Baird
Batting: SHB Jack Fountain 0-0: SINGLE (Line Drive, 6)
Batting: RHB Matt Perkins 0-0: Called Strike
0-1: SINGLE (Groundball, 4D)
Jack Fountain to second
Throwing error, E9
Jack Fountain scores
Matt Perkins to second
Batting: LHB Ricardo Romero 0-0: Ball
1-0: Called Strike
1-1: Foul Ball, location: 2F
1-2: Foul Ball, location: 2F
1-2: Fly out, F4 (Line Drive, 4D)
Pitching: LHP Alfredo González
Batting: LHB Vincente Sáenz 0-0: Called Strike
0-1: Called Strike
0-2: Ball
1-2: Ground out 4-3 (Groundball, 4)
Matt Perkins to third
Batting: LHB Ron Robinson 0-0: Ball
1-0: Called Strike
1-1: Foul Ball, location: 2F
1-2: Foul Ball, location: 2F
1-2: Fly out, F9 (Flyball, 89S)
Bottom of the 2nd over - 1 run(s), 2 hit(s), 1 error(s), 1 left on base; Portland 1 - Blueville 7
TOP OF THE 3RD
Portland Privateers batting - Pitching for Blueville 83's : RHP Gary Grimes
Batting: RHB Joe Bailey 0-0: Called Strike
0-1: Ball
1-1: Ball
2-1: Swinging Strike
2-2: Ball
3-2: Strikes out swinging
Batting: RHB Luis Pineda 0-0: Ball
1-0: Foul Ball, location: 2F
1-1: Ground out 5-3 (Groundball, 56)
Batting: RHB Carlos Castro 0-0: Ball
1-0: Ground out 5-3 (Groundball, 56)
Top of the 3rd over - 0 run(s), 0 hit(s), 0 error(s), 0 left on base; Portland 1 - Blueville 7
BOTTOM OF THE 3RD
Blueville 83's batting - Pitching for Portland Privateers : LHP Alfredo González
Batting: LHB Dave Pitts 0-0: Ball
1-0: Fly out, F8 (Flyball, 78M)
Batting: SHB Caden Keith 0-0: Ball
1-0: Ball
2-0: Ball
3-0: Called Strike
3-1: Foul Ball, location: 2F
3-2: Fly out, F7 (Flyball, 78M)
Batting: RHB Barney Lawson 0-0: Called Strike
0-1: Swinging Strike
0-2: Foul Ball, location: 2F
0-2: Ball
1-2: Ball
2-2: Ball
3-2: Ground out 6-3 (Groundball, 6)
Bottom of the 3rd over - 0 run(s), 0 hit(s), 0 error(s), 0 left on base; Portland 1 - Blueville 7
TOP OF THE 4TH
Portland Privateers batting - Pitching for Blueville 83's : RHP Gary Grimes
Batting: RHB Luther Stoffels 0-0: Swinging Strike
0-1: Called Strike
0-2: Ball
1-2: Ball
2-2: Ball
3-2: SINGLE (Line Drive, 9S)
Batting: SHB Patrick Larson 0-0: Fly out, F8 (Line Drive, 8LS)
Batting: RHB Anastasio Villa 0-0: Ball
1-0: SINGLE (Line Drive, 56)
Luther Stoffels to second
Batting: LHB Jeff Dorney 0-0: Swinging Strike
0-1: Fly out, F4 (Popup, 4D)
Batting: LHB Dillon Beck 0-0: Foul Ball, location: 2F
0-1: Swinging Strike
0-2: Foul Ball, location: 2F
0-2: Ball
1-2: Strikes out swinging
Top of the 4th over - 0 run(s), 2 hit(s), 0 error(s), 2 left on base; Portland 1 - Blueville 7
BOTTOM OF THE 4TH
Blueville 83's batting - Pitching for Portland Privateers : LHP Alfredo González
Batting: RHB Gernot Renner 0-0: Swinging Strike
0-1: Foul Ball, location: 2F
0-2: Ball
1-2: Strikes out swinging
Batting: SHB Jack Fountain 0-0: Ball
1-0: Foul Ball, location: 2F
1-1: SINGLE (Line Drive, 56D)
Batting: RHB Matt Perkins 0-0: Called Strike
0-1: Swinging Strike
0-2: Ball
Jack Fountain is caught stealing 2nd base
1-2: Ball
2-2: Strikes out swinging
Bottom of the 4th over - 0 run(s), 1 hit(s), 0 error(s), 0 left on base; Portland 1 - Blueville 7
TOP OF THE 5TH
Portland Privateers batting - Pitching for Blueville 83's : RHP Gary Grimes
Batting: LHB Yasuhiko Onodera 0-0: Swinging Strike
0-1: Called Strike
0-2: Ball
1-2: Strikes out looking
Batting: RHB Joe Bailey 0-0: Swinging Strike
0-1: Foul Ball, location: 2F
0-2: Foul Ball, location: 2F
0-2: Strikes out swinging
Batting: RHB Luis Pineda 0-0: Ball
1-0: Ball
2-0: Ball
3-0: Called Strike
3-1: Fly out, F8 (Flyball, 8LXD)
Top of the 5th over - 0 run(s), 0 hit(s), 0 error(s), 0 left on base; Portland 1 - Blueville 7
BOTTOM OF THE 5TH
Blueville 83's batting - Pitching for Portland Privateers : LHP Alfredo González
Batting: LHB Ricardo Romero 0-0: Ball
1-0: Foul Ball, location: 2F
1-1: Ball
2-1: Swinging Strike
2-2: Ball
3-2: Base on Balls
Batting: LHB Vincente Sáenz 0-0: Ball
1-0: Foul Ball, location: 2F
1-1: Fly out, F8 (Flyball, 8LS)
Batting: LHB Ron Robinson 0-0: Called Strike
0-1: Foul Ball, location: 2F
0-2: Ball
1-2: Ball
2-2: Grounds into double play, 4-6-3 (Groundball, 4)
Bottom of the 5th over - 0 run(s), 0 hit(s), 0 error(s), 0 left on base; Portland 1 - Blueville 7
TOP OF THE 6TH
Portland Privateers batting - Pitching for Blueville 83's : RHP Gary Grimes
Batting: RHB Carlos Castro 0-0: Ball
1-0: Fly out, F9 (Flyball, 9LM)
Batting: RHB Luther Stoffels 0-0: Called Strike
0-1: Swinging Strike
0-2: Ball
1-2: Strikes out looking
Batting: SHB Patrick Larson 0-0: Called Strike
0-1: SOLO HOME RUN (Line Drive, 9LD), Distance : 359 ft
Batting: RHB Anastasio Villa 0-0: Ball
1-0: Ball
2-0: Ball
3-0: Base on Balls
Pitching: RHP Ernesto Germán
Batting: LHB Jeff Dorney 0-0: Called Strike
0-1: Fly out, F7 (Flyball, 7S)
Top of the 6th over - 1 run(s), 1 hit(s), 0 error(s), 1 left on base; Portland 2 - Blueville 7
BOTTOM OF THE 6TH
Blueville 83's batting - Pitching for Portland Privateers : LHP Alfredo González
Batting: LHB Dave Pitts 0-0: Swinging Strike
0-1: DOUBLE (Line Drive, 7D)
Batting: SHB Caden Keith 0-0: Ball
1-0: Ball
2-0: Ground out 5-3 (Groundball, 56S)
Dave Pitts to third
Batting: RHB Barney Lawson 0-0: Fly out, F9 (Flyball, 9LS)
Runner from 3rd tags up, SCORES, no throw
Batting: RHB Gernot Renner 0-0: Ball
1-0: Fly out, F6 (Flyball, 6MD)
Bottom of the 6th over - 1 run(s), 1 hit(s), 0 error(s), 0 left on base; Portland 2 - Blueville 8
TOP OF THE 7TH
Portland Privateers batting - Pitching for Blueville 83's : RHP Ernesto Germán
Batting: LHB Dillon Beck 0-0: Swinging Strike
0-1: Ball
1-1: SINGLE (Line Drive, 78S)
Batting: LHB Yasuhiko Onodera 0-0: Ball
1-0: Fielders Choice at 2nd, 1-6 (Groundball, P)
Batting: RHB Joe Bailey 0-0: Called Strike
0-1: Ball
1-1: Ball
2-1: Ball
3-1: Base on Balls
Yasuhiko Onodera to second
Batting: RHB Luis Pineda 0-0: Called Strike
Yasuhiko Onodera steals 3rd base
Joe Bailey to second
0-1: Fly out, F8 (Flyball, 89M)
Batting: RHB Carlos Castro 0-0: Ball
1-0: Ball
2-0: Ball
3-0: Called Strike
3-1: Base on Balls
Batting: RHB Luther Stoffels 0-0: GRAND SLAM HOME RUN (Flyball, 7D), Distance : 379 ft
Batting: SHB Patrick Larson 0-0: Ball
1-0: Ball
2-0: Ball
3-0: Called Strike
3-1: Called Strike
3-2: Strikes out looking
Top of the 7th over - 4 run(s), 2 hit(s), 0 error(s), 0 left on base; Portland 6 - Blueville 8
BOTTOM OF THE 7TH
Blueville 83's batting - Pitching for Portland Privateers : LHP Alfredo González
Pitching: RHP Ricardo Ontiveros
Batting: SHB Jack Fountain 0-0: Ball
1-0: Ball
2-0: Swinging Strike
2-1: Foul Ball, location: 2F
2-2: Ball
3-2: Foul Ball, location: 2F
3-2: Base on Balls
Batting: RHB Matt Perkins 0-0: Foul Ball, location: 2F
0-1: Foul Ball, location: 2F
0-2: Strikes out looking
Jack Fountain steals 2nd base
Batter strikes out.
Batting: LHB Ricardo Romero 0-0: Ball
1-0: Ball
2-0: Swinging Strike
2-1: Called Strike
2-2: Strikes out swinging
Batting: LHB Vincente Sáenz 0-0: Ball
1-0: Fly out, F8 (Flyball, 89M)
Bottom of the 7th over - 0 run(s), 0 hit(s), 0 error(s), 1 left on base; Portland 6 - Blueville 8
TOP OF THE 8TH
Portland Privateers batting - Pitching for Blueville 83's : RHP Ernesto Germán
Pitching: LHP Pierre Dumont
Batting: RHB Anastasio Villa 0-0: Ball
1-0: Ball
2-0: Fly out, F9 (Flyball, 9S)
Batting: LHB Jeff Dorney 0-0: Foul Ball, location: 2F
0-1: Called Strike
0-2: Fly out, F7 (Line Drive, 7)
Pitching: RHP José Becerra
Batting: LHB Dillon Beck 0-0: Swinging Strike
0-1: Swinging Strike
0-2: Strikes out swinging
Top of the 8th over - 0 run(s), 0 hit(s), 0 error(s), 0 left on base; Portland 6 - Blueville 8
BOTTOM OF THE 8TH
Blueville 83's batting - Pitching for Portland Privateers : RHP Ricardo Ontiveros
Batting: LHB Ron Robinson 0-0: Called Strike
0-1: Called Strike
0-2: TRIPLE (Flyball, 9D)
Batting: LHB Dave Pitts 0-0: Ball
1-0: SINGLE (Line Drive, 4)
Ron Robinson scores
Batting: SHB Caden Keith 0-0: Called Strike
0-1: Ball
1-1: Foul Ball, location: 2F
1-2: Ball
2-2: Ball
3-2: Fielders Choice at 2nd, 4-6 (Groundball, 4)
Batting: RHB Barney Lawson 0-0: Ball
Caden Keith is caught stealing 2nd base
1-0: Called Strike
1-1: Swinging Strike
1-2: Ball
2-2: Foul Ball, location: 2F
2-2: Strikes out looking
Bottom of the 8th over - 1 run(s), 2 hit(s), 0 error(s), 0 left on base; Portland 6 - Blueville 9
TOP OF THE 9TH
Portland Privateers batting - Pitching for Blueville 83's : RHP José Becerra
Batting: LHB Yasuhiko Onodera 0-0: Ball
1-0: Reached on error, E3 (Groundball, 3)
Batting: RHB Joe Bailey 0-0: Foul Ball, location: 2F
0-1: Foul Ball, location: 2F
0-2: Ball
1-2: Strikes out swinging
Pitching: RHP Félix Rivera
Batting: RHB Luis Pineda 0-0: Ball
1-0: Foul Ball, location: 2F
1-1: Foul Ball, location: 2F
1-2: Ball
2-2: Ball
3-2: DOUBLE (Groundball, 5L)
Yasuhiko Onodera to third
Runner from 3rd tries for Home, SAFE, throw made home
Pinch Hitting: LHB Arturo López 0-0: Ground out 4-3 (Groundball, 4)
Luis Pineda to third
Batting: RHB Luther Stoffels 0-0: Called Strike
0-1: Called Strike
0-2: Strikes out swinging
Top of the 9th over - 1 run(s), 1 hit(s), 1 error(s), 1 left on base; Portland 7 - Blueville 9
Thursday, March 30th, 2017 - OOTP Baseball 17.12 Build 75